 Dungeon Sprint DCSS version 0.18.1-8-gdd0e5ea (webtiles) character file.

260 Hipnos the Covert (level 5, -1/24 HPs)
             Began as a Spriggan Enchanter on May 21, 2016.
             Slain by a slime creature (4 damage)
             ... in the Dungeon (Sprint I: "Red Sonja").
             The game lasted 00:01:00 (284 turns).

Hipnos the Covert (Spriggan Enchanter)               Turns: 284, Time: 00:01:01

Health: -1/24      AC:  3    Str:  4    XL:     5   Next: 95%
Magic:  0/12       EV: 21    Int: 17    God:
Gold:   162        SH:  0    Dex: 17    Spells: 2 memorised, 10 levels left

rFire  . . .     SeeInvis +     a - +1 dagger
rCold  . . .     Gourm    .     b - +1 robe
rNeg   . . .     Faith    .     (shield restricted)
rPois  .         Spirit   .     (helmet restricted)
rElec  .         Dismiss  .     (no cloak)
rCorr  .         Reflect  .     (gloves unavailable)
SustAt .         Harm     .     (boots unavailable)
MR     .....     NoTele   +     (no amulet)
Stlth  ++++++....               (no ring)
                                (no ring)

@: very quick, not resistant to hostile enchantments, very stealthy
A: unfitting armour, see invisible, herbivore 3, speed 3, slow metabolism 2
a: no special abilities


You were in the Dungeon.
You were not hungry.

You visited 1 branch You collected 162 gold pieces.

Inventory:

Hand Weapons
 a - a +1 dagger (weapon)
Armour
 b - a +1 robe (worn)
Scrolls
 j - a scroll of blinking
Potions
 e - a potion of curing
 f - a potion of heal wounds
 g - a potion of haste
 h - 2 potions of magic
Books
 c - a book of Maledictions

   Spells                             Type                      Level
   a - Corona                         Hexes                        1
   b - Ensorcelled Hibernation        Hexes/Ice                    2
   c - Confuse                        Hexes                        3
   d - Tukima's Dance                 Hexes                        3
   e - Dazzling Spray                 Conjuration/Hexes            3
Comestibles
 d - a bread ration


   Skills:
 + Level 1.9 Short Blades
 + Level 5.4 Dodging
 * Level 12.8 Stealth
 + Level 4.6 Spellcasting
 * Level 10.2 Hexes


You had 10 spell levels left.
You knew the following spells:

 Your Spells              Type           Power        Failure   Level  Hunger
a - Corona                Hex            #####..      1%          1    None
b - Ensorcelled Hibernat  Hex/Ice        ###...       2%          2    ##.....


Dungeon Overview and Level Annotations

Branches:
Dungeon (1/1)

Altars:
Cheibriados
Dithmenos
Fedhas
Jiyva


Innate Abilities, Weirdness & Mutations

You are tiny and cannot use many weapons and most armour.
You have supernaturally acute eyesight.
You are a herbivore.
You cover ground extremely quickly.
You need consume almost no food.


Message History

Aiming: Ensorcelled Hibernation
Press: ? - help, Shift-Dir - straight line, f/p - slime creature
Aim: a slime creature (severely wounded, chance to defeat MR: 33%)
The slime creature easily resists.
You see here a giant club.
There is an open door here.
There is an open door here.
There is a fountain of clear blue water here.
There is a fountain of clear blue water here.
There is a fountain of clear blue water here.
There is a fountain of clear blue water here.
Casting: Ensorcelled Hibernation
Confirm with . or Enter, or press ? or * to list all spells.
Aiming: Ensorcelled Hibernation
Press: ? - help, Shift-Dir - straight line, f/p - slime creature
Aim: a slime creature (heavily wounded, chance to defeat MR: 33%)
The slime creature easily resists.
The slime creature completely misses you.
The slime creature hits you.
You die...

##################
#<.#..'..#.)'..#__
#..'..#.)'..#..'..
#..#####'#####+#__
#@.# #..# ### #.J#
#### #..# #⌠⌠#
####


You could see a slime creature.

Vanquished Creatures
  Sigmund (D)
  An ogre (D)
  Ijyb (D)
3 creatures vanquished.

Notes
Turn   | Place    | Note
--------------------------------------------------------------
     0 | D        | Hipnos the Spriggan Enchanter began the quest for the Orb.
     0 | D        | Reached XP level 1. HP: 9/9 MP: 5/5
     1 | D        | Noticed Ijyb
    16 | D        | Killed Ijyb
    16 | D        | Reached skill level 7 in Stealth
    16 | D        | Reached skill level 5 in Hexes
    16 | D        | Reached XP level 2. HP: 6/13 MP: 7/7
    24 | D        | Learned a level 2 spell: Ensorcelled Hibernation
   221 | D        | Noticed an ogre
   224 | D        | Killed an ogre
   224 | D        | Reached skill level 10 in Stealth
   224 | D        | Reached XP level 3. HP: 16/16 MP: 9/9
   224 | D        | Reached XP level 4. HP: 21/21 MP: 10/10
   234 | D        | Noticed Sigmund
   237 | D        | Killed Sigmund
   237 | D        | Reached skill level 5 in Dodging
   237 | D        | Reached skill level 12 in Stealth
   237 | D        | Reached skill level 10 in Hexes
   237 | D        | Reached XP level 5. HP: 24/24 MP: 10/12
   249 | D        | Found a snail-covered altar of Cheibriados.
   249 | D        | Found a shadowy altar of Dithmenos.
   249 | D        | Noticed a slime creature
   250 | D        | Found a viscous altar of Jiyva.
   250 | D        | Found a blossoming altar of Fedhas.
   284 | D        | Slain by a slime creature

Skill      XL: |  1  2  3  4 |
---------------+-------------+-----
Stealth        | 7 10 12 | 12.8
Spellcasting   | 3 4 |  4.6
Hexes          | 5 7 10 | 10.2
Dodging        | 4 5 |  5.4
Short Blades   | |  1.9

Action                   |  1- 3 |  4- 6 || total
-------------------------+-------+-------++-------
Melee: Dagger            |    13 |     2 ||    15
 Cast: Ensorcelled Hiber |       |     7 ||     7
  Use: Potion            |     1 |       ||     1
 Stab: Sleeping          |     2 |     2 ||     4
Dodge: Dodged            |     8 |     3 ||    11
